AoeStats
← [CL] Al3jandr0.magn00

Enclosed

506662172Analyzed
1v1 RM · 17d ago on Sep 14, 2026· 57m 1s· 2 players
Game mode
Random Map
Map size
Tiny (2 player)
Population
200
Speed
Normal
Resources
Standard
Victory
Conquest
Starting age
Dark Age
Ending age
Imperial Age
RankedLock teamsTeams togetherTeam positionsShared explorationLock speedFull tech treeHidden civsTurbo modeCheats
Victory
Defeat
🇦🇷 Ethiopians · Argentina
1813
+21
🇺🇸 Britons · United States
1925
-21
Mycroft
5:34 Loom
8:42 Feudal Age
8:47 Man-at-Arms
9:42 Double-Bit Axe
14:31 Fletching
14:41 Fletching
15:21 Padded Archer Armor
21:01 Castle Age
20:19 Horse Collar
21:02 Elite Skirmisher
22:16 Town Watch
22:57 Bow Saw
23:05 Bodkin Arrow
27:33 Leather Archer Armor
28:10 Ballistics
30:17 Crossbowman
40:36 Wheelbarrow
44:51 Imperial Age
43:14 Heavy Plow
46:50 Chemistry
46:19 Leather Archer Armor
47:46 Ring Archer Armor
48:23 Bracer
48:31 Arbalester
50:03 Conscription
51:02 Warwolf
52:11 Masonry
[CL] Al3jandr0.magn00
5:55 Loom
8:36 Feudal Age
9:53 Double-Bit Axe
13:49 Fletching
17:50 Forging
23:15 Castle Age
21:39 Horse Collar
21:49 Gold Mining
23:01 Scale Barding Armor
24:18 Chain Barding Armor
23:56 Bodkin Arrow
23:22 Crossbowman
24:33 Town Watch
27:51 Ballistics
39:10 Wheelbarrow
41:06 Imperial Age
41:22 Padded Archer Armor
41:57 Bracer
43:00 Chemistry
41:21 Arbalester
44:08 Hand Cart
44:28 Conscription
48:28 Leather Archer Armor
48:38 Thumb Ring
48:20 Elite Skirmisher
50:18 Torsion Engines
51:56 Siege Engineers
52:25 Heavy Plow
54:24 Cavalier
55:04 Husbandry
55:36 Ring Archer Armor
55:42 Iron Casting
Connection lost

Rejoining the realm…

Still unreachable

The connection could not be restored.

Session expired

The server has moved on; the page needs a fresh start.